AoeStats
← Elmaynard

Arena

510105493Analyzed
1v1 RM · 3d ago on Sep 29, 2026· 40m 51s· 2 players
Game mode
Random Map
Map size
Tiny (2 player)
Population
200
Speed
Normal
Resources
Standard
Victory
Conquest
Starting age
Dark Age
Ending age
Imperial Age
RankedLock teamsTeams togetherTeam positionsShared explorationLock speedFull tech treeHidden civsTurbo modeCheats
Victory
Defeat
🇬🇷 Byzantines · Greece
880
+15
🇦🇷 Lithuanians · Argentina
864
-41
Elmaynard
5:30 Loom
11:29 Feudal Age
13:24 Wheelbarrow
13:11 Horse Collar
13:49 Double-Bit Axe
21:46 Castle Age
21:24 Forging
21:15 Scale Mail Armor
21:22 Scale Barding Armor
23:57 Hand Cart
26:03 Fletching
26:57 Iron Casting
26:34 Bow Saw
27:20 Town Watch
27:59 Gold Mining
27:59 Stone Mining
33:52 Chain Barding Armor
34:01 Husbandry
34:57 Heavy Plow
35:09 Pikeman
35:31 Elite Skirmisher
41:22 Imperial Age
Vangudai
7:43 Loom
10:48 Feudal Age
14:35 Castle Age
12:59 Double-Bit Axe
13:08 Horse Collar
15:30 Bow Saw
19:11 Fervor
20:05 Sanctity
21:33 Wheelbarrow
23:35 Stone Mining
24:49 Gold Mining
25:39 Redemption
25:52 Fletching
27:46 Stone Shaft Mining
27:28 Heavy Plow
28:35 Bodkin Arrow
28:46 Scale Barding Armor
30:13 Gold Shaft Mining
34:05 Imperial Age
32:09 Chain Barding Armor
31:49 Scale Mail Armor
33:38 Forging
33:33 Squires
34:09 Chain Mail Armor
34:29 Hand Cart
35:24 Iron Casting
34:15 Elite Varangian Guard
34:39 Capped Ram
35:45 Arson
36:49 Plate Mail Armor
36:36 Bracer
39:22 Conscription
39:15 Logistica
Connection lost

Rejoining the realm…

Still unreachable

The connection could not be restored.

Session expired

The server has moved on; the page needs a fresh start.